 Dungeon Crawl Stone Soup version 0.14.0-17-gc0b17a5 (webtiles) character file.

4948 Kae the Bludgeoner (level 10, 0/77 HPs)
             Began as a Minotaur Fighter on Apr 18, 2014.
             Was an Elder of Okawaru.
             Killed by divine providence
             ... invoked by an orc priest
              (16 damage)
             ... on Level 8 of the Dungeon.
             The game lasted 00:19:07 (8748 turns).

Kae the Bludgeoner (Minotaur Fighter)               Turns: 8748, Time: 00:19:07

HP   0/77        AC 13     Str 23      XL: 10   Next: 19%
MP   4/4         EV  7     Int  7      God: Okawaru [****..]
Gold 324         SH 19     Dex 11      Spells:  0 memorised,  9 levels left

rFire  . . .     SeeInvis .     t - +5,+1 flail (protect)
rCold  + . .     Clarity  .     E - +2 scale mail {rC+}
rNeg   . . .     Conserve .     c - +0 shield
rPois  .         rCorr    .     (helmet restricted)
rElec  .         rRot     .     (no cloak)
SustAb . .       Spirit   .     (no gloves)
rMut   .         Warding  .     (no boots)
Saprov . . .     Stasis   .     (no amulet)
MR     .....                    B - +2 ring of strength
                                (no ring)

@: about to teleport, not resistant to hostile enchantments, extremely
unstealthy
A: retaliatory headbutt, horns 2
a: Heroism, Renounce Religion


You were on level 8 of the Dungeon.
You worshipped Okawaru.
Okawaru was greatly pleased with you.
You were not hungry.

You visited 2 branches of the dungeon, and saw 9 of its levels.
You also visited: Ossuary.

You collected 324 gold pieces.

Inventory:

Hand weapons
 a - a cursed +1,+1 flail
 t - a +5,+1 flail of protection (weapon)
 y - a +2,+1 flail of holy wrath
Missiles
 e - 11 tomahawks (quivered)
Armour
 b - a +1 scale mail
 c - a +0 shield (worn)
 E - a +2 scale mail of cold resistance (worn)
Magical devices
 z - a wand of frost (0)
 H - a wand of disintegration (11) {unknown}
Comestibles
 d - 5 bread rations
 h - 3 chokos
 k - 3 meat rations
 A - 4 apples
 F - a pear
 G - a snozzcumber
Scrolls
 f - 3 scrolls of remove curse
 i - a scroll of noise
 j - a scroll of enchant weapon II
 m - 3 scrolls of enchant armour
 v - 2 scrolls of amnesia
Jewellery
 n - an uncursed ring of fire
 q - an uncursed ring of fire
 s - a cursed ring of magical power
 B - a +2 ring of strength (right hand)
Potions
 g - 2 potions of agility
 o - a potion of might
 p - a potion of magic
 r - a potion of restore abilities
 u - a potion of haste
 w - 2 potions of curing
 C - a potion of degeneration {unknown}
 D - 2 potions of paralysis {unknown}


   Skills:
 - Level 3.6 Fighting
 + Level 16.7 Maces & Flails
 - Level 3.6 Armour
 - Level 3.6 Shields


You had 9 spell levels left.
You didn't know any spells.

Dungeon Overview and Level Annotations

Branches:
Dungeon (8/15)             Temple (1/1) D:4
   Lair: D:8-11

Altars:
Ashenzari
Cheibriados
Elyvilon
Kikubaaqudgha
Okawaru
Sif Muna
Vehumet
Xom
Yredelemnul
Zin
The Shining One

Annotations:
D:3 Sigmund


Innate Abilities, Weirdness & Mutations

You reflexively headbutt those who attack you in melee.
You have a pair of horns on your head.


Message History

You hit the orc warrior.
The orc warrior is lightly wounded.
You hit the orc warrior but do no damage.
The orc warrior is lightly wounded.
The orc warrior hits you but does no damage.
You hit the orc warrior.
The orc warrior is moderately wounded.
The orc warrior closely misses you.
Read which item? (? for menu, Esc to quit)
As you read the scroll labeled QIHANT ACRIE, it crumbles to dust.
You feel strangely unstable.
It was a scroll of teleportation.
The orc priest calls upon Beogh to heal the orc warrior.
The orc warrior is healed somewhat.
The orc warrior hits you with a scimitar!
* * * LOW HITPOINT WARNING * * *
A kobold comes into view. It is wielding a short sword.
The kobold shouts!
The orc priest mumbles some strange prayers to Beogh against you.
Something smites you!
You die...

##.## #. #.# #.
#.# #### ##.##
#.#.
#...#######)#'
###.≈)##....#...
###....))..####'#'
#.........)# #_#.
#@#........# ####
#)###...#..# #o#
#...#).#
#o#....##..#
#o#.#####..# #o#.
#.## #.# #.# #K# .
#..


You could see an orc warrior, 2 orc priests, an orc and a kobold.

Vanquished Creatures
  Pikel (D:6)
  Grinder (D:5)
  A wraith (D:8)
  The ghost of Starve the Poker, an average MfSk (D:4)
  A hippogriff (D:8)
  Edmund (D:5)
  A necrophage (D:8)
  The ghost of Garrluk the Cudgeler, an average OgBe of Trog (D:3)
  4 slaves (D:6)
  A black bear (D:6)
  2 sky beasts
  2 ogres (D:5)
  2 orc warriors
  A giant goldfish (D:8)
  3 phantoms
  A centaur (D:6)
  2 elf zombies (Ossuary)
  A gnoll sergeant (D:6)
  A giant frog (D:7)
  Blork the orc (D:5)
  3 scorpions
  2 wights (D:8)
  2 electric eels (D:8)
  2 troll skeletons (D:8)
  A yak skeleton (D:8)
  3 crimson imps
  5 orc priests
  2 goliath beetles
  4 hounds
  6 human zombies
  A jelly (D:7)
  Natasha (thrice) (D:5)
  5 iguanas
  A black bear skeleton (D:5)
  6 orc wizards
  An ogre zombie (D:8)
  4 worker ants
  A hound skeleton (D:5)
  4 mummies
  3 adders
  An inept item mimic (D:6)
  3 worms
  An adder zombie (D:5)
  2 adder skeletons
  5 giant geckos
  27 orcs
  5 giant cockroaches
  14 hobgoblins
  19 jackals
  3 quokkas
  3 ball pythons
  14 bats
  5 giant newts
  13 goblins
  A goblin skeleton (D:4)
  5 goblin zombies (Ossuary)
  11 hobgoblin zombies (Ossuary)
  A jackal skeleton (D:6)
  A jackal zombie (Ossuary)
  15 kobolds
  A kobold skeleton (D:6)
  11 kobold zombies
  An orc skeleton (D:6)
  7 orc zombies (Ossuary)
  7 rats
  4 ballistomycetes (D:6)
268 creatures vanquished.

Vanquished Creatures (others)
  A giant spore (D:6)
1 creature vanquished.

Grand Total: 269 creatures vanquished

Notes
Turn   | Place    | Note
--------------------------------------------------------------
     0 | D:1      | Kae, the Minotaur Fighter, began the quest for the Orb.
     0 | D:1      | Reached XP level 1. HP: 19/19 MP: 1/1
   290 | D:1      | Reached XP level 2. HP: 26/26 MP: 1/1
   328 | D:1      | Reached skill level 4 in Maces & Flails
   535 | D:1      | Reached XP level 3. HP: 31/31 MP: 2/2
   752 | D:2      | Found a glowing silver altar of Zin.
   754 | D:2      | Noticed an angel
   756 | D:2      | Found a shimmering altar of Xom.
  1081 | D:2      | Reached skill level 5 in Maces & Flails
  1304 | D:3      | Noticed Garrluk's ghost (average OgBe)
  1311 | D:3      | Killed Garrluk's ghost
  1311 | D:3      | Reached skill level 6 in Maces & Flails
  1311 | D:3      | Reached XP level 4. HP: 5/39 MP: 2/2
  1311 | D:3      | Reached XP level 5. HP: 5/45 MP: 2/2
  1513 | D:3      | Noticed Sigmund
  2468 | D:4      | Found a sand-covered staircase.
  2475 | D:4      | Reached skill level 7 in Maces & Flails
  2544 | Ossuary  | Entered an ossuary
  3003 | Ossuary  | Reached XP level 6. HP: 37/51 MP: 3/3
  3195 | Ossuary  | Reached skill level 8 in Maces & Flails
  3377 | D:4      | Found a shattered altar of Ashenzari.
  3639 | D:4      | Noticed a phantom
  3644 | D:4      | Killed a phantom
  3644 | D:4      | Reached skill level 9 in Maces & Flails
  3700 | D:4      | Reached XP level 7. HP: 53/57 MP: 3/3
  3793 | D:4      | Found a staircase to the Ecumenical Temple.
  3862 | Temple   | Entered the Ecumenical Temple
  3912 | Temple   | Became a worshipper of Warmaster Okawaru
  3964 | D:4      | Noticed Starve's ghost (average MfSk)
  3988 | D:4      | Killed Starve's ghost
  3988 | D:4      | Reached skill level 10 in Maces & Flails
  4424 | D:5      | Entered Level 5 of the Dungeon
  4687 | D:5      | Found a basalt altar of Yredelemnul.
  4711 | D:5      | Reached skill level 11 in Maces & Flails
  4785 | D:5      | Noticed Edmund
  4803 | D:5      | Killed Edmund
  4803 | D:5      | Reached XP level 8. HP: 33/64 MP: 3/3
  4906 | D:5      | Noticed Grinder
  4928 | D:5      | Killed Grinder
  4928 | D:5      | Reached skill level 12 in Maces & Flails
  5115 | D:5      | Found a radiant altar of Vehumet.
  5157 | D:5      | Noticed Natasha
  5161 | D:5      | Killed Natasha
  5175 | D:5      | Acquired Okawaru's first power
  5250 | D:5      | Noticed Natasha
  5253 | D:5      | Killed Natasha
  5286 | D:6      | Noticed Pikel
  5320 | D:6      | Killed Pikel
  5320 | D:6      | Reached skill level 13 in Maces & Flails
  5320 | D:6      | Reached XP level 9. HP: 70/70 MP: 4/4
  5408 | D:6      | Reached skill level 14 in Maces & Flails
  5756 | D:6      | Noticed Blork the orc
  5814 | D:5      | Killed Blork the orc
  5972 | D:5      | Noticed Natasha
  5982 | D:5      | Killed Natasha
  7233 | D:7      | Reached skill level 15 in Maces & Flails
  7989 | D:7      | Found a snail-covered altar of Cheibriados.
  8316 | D:8      | Reached skill level 16 in Maces & Flails
  8574 | D:8      | Reached XP level 10. HP: 67/77 MP: 4/4
  8635 | D:8      | Found an ancient bone altar of Kikubaaqudgha.
  8748 | D:8      | Killed from afar by an orc priest

Action                   |  1- 3 |  4- 6 |  7- 9 | 10-12 || total
-------------------------+-------+-------+-------+-------++-------
Melee: Flail             |   118 |   156 |   543 |    82 ||   899
Evoke: Wand              |       |       |     4 |       ||     4
  Use: Potion            |     1 |       |     5 |       ||     6
       Scroll            |       |    10 |     6 |     1 ||    17
